 Dungeon Crawl Stone Soup version 0.31.0-11-ge490571c62 (webtiles) character file.

Game seed: 16932426538841780158

72 qw the Shooter (level 4, -1/25 HPs)
             Began as a Deep Elf Hunter on Feb 5, 2024.
             Slain by Sigmund
             ... wielding a +0 scythe
              (6 damage)
             ... on level 2 of the Dungeon.
             The game lasted 00:00:23 (1221 turns).

qw the Shooter (Deep Elf Hunter)                    Turns: 1221, Time: 00:00:24

Health: -1/25      AC:  5    Str: 10    XL:     4   Next: 6%
Magic:  6/6        EV: 11    Int: 14    God:
Gold:   87         SH:  0    Dex: 18    Spells: 3/3 levels left

rFire   . . .        a - +1 shortbow
rCold   . . .        (shield currently unavailable)
rNeg    . . .        e - +0 ring mail
rPois   .            (no helmet)
rElec   .            (no cloak)
rCorr   .            (no gloves)
SInv    .            (no boots)
Will    .....        (no amulet)
Stlth   +            (no ring)
HPRegen 0.24/turn    (no ring)
MPRegen 0.10/turn

%: no passive effects
@: no status effects
A: no striking features
a: no special abilities


You were on level 2 of the Dungeon.
You visited 1 branch of the dungeon, and saw 2 of its levels.

You collected 87 gold pieces.


   Skills:
 - Level 1.5 Fighting
 + Level 7.5 Ranged Weapons
 - Level 2.4 Dodging
 - Level 1.2 Stealth


You had 3 spell levels left.
You didn't know any spells.
Your spell library was empty.

Inventory:

Hand Weapons
 a - a +1 shortbow (weapon)
Armour
 e - a +0 ring mail (worn)
Potions
 b - a potion of lignification {unknown}
 d - a potion of brilliance {unknown}
 f - a potion of attraction {unknown}
 i - a potion of curing {unknown}
 k - 2 potions of heal wounds {unknown}

Dungeon Overview and Level Annotations

Branches:
Dungeon (2/15)

Altars:
Nemelex Xobeh

Annotations:
D:2 Sigmund


Message History

A ball python comes into view.
You shoot an arrow. The arrow hits the ball python.
You kill the ball python!
Found a stone staircase leading down.
b - a murky cyan potion Sigmund the Dreaded comes into view.
He is wielding a +0 scythe.
Sigmund shouts!
You shoot an arrow. The arrow closely misses Sigmund.
A ball python comes into view.
Sigmund hits you from afar with a +0 scythe!
You shoot an arrow.
The arrow hits Sigmund but does no damage.
Sigmund barely misses you.
You shoot an arrow. The arrow hits Sigmund.
Sigmund is lightly wounded.
You shoot an arrow. The arrow closely misses Sigmund.
Sigmund barely misses you.
You shoot an arrow. The arrow hits Sigmund.
Sigmund is moderately wounded.
Sigmund barely misses you.
You shoot an arrow. The arrow barely misses Sigmund.
You shoot an arrow. The arrow barely misses Sigmund.
Sigmund casts a spell.
Sigmund flickers and vanishes!
Deactivating autopickup; reactivate with Ctrl-A.
Something hits you.
You shoot an arrow. You shoot an arrow. Something hits you but does no damage.
You shoot an arrow. Something hits you but does no damage.
You shoot an arrow. The arrow hits the ball python.
You kill the ball python!
Something hits you.
You shoot an arrow. You shoot an arrow. Something hits you.
You shoot an arrow. Something hits you.
You die...

. 77 ##. .7 7 ... P 77. #.#
7... #.# 7 7....##.# #
7....{..# # .77...##..## #
7......#.@.####### .7
7......#.#.......# #7
.......#.#.......## .
.........#.>......## .#..
........##.........# ..#.
......#.##.....P...#
....###.....#.....###.P7P.#
#.#....#.......####P..P7..#
#...#[#.#..##..###..PP7..##


There were no monsters in sight!

Vanquished Creatures
  Jessica (D:2)
  An adder (D:2)
  2 dart slugs
  2 endoplasms
  3 giant cockroaches
  5 goblins
  5 hobgoblins
  2 quokkas (D:1)
  5 ball pythons
  3 kobolds
  A rat (D:1)
30 creatures vanquished.

Notes
Turn   | Place    | Note
-------+----------+-------------------------------------------
     0 | D:1      | qw the Deep Elf Hunter began the quest for the Orb.
     0 | D:1      | Reached XP level 1. HP: 12/12 MP: 3/3
     0 | D:1      | 0 ||| qw: Version: 0.3-a-160-g6735b56
     0 | D:1      | 0 ||| qw: Game counter: 6423
     0 | D:1      | 0 ||| qw: Melee chars always use a shield: true
     0 | D:1      | 0 ||| qw: God list: Okawaru
     0 | D:1      | 0 ||| qw: Allow faded altars: false
     0 | D:1      | 0 ||| qw: Do Orc after clearing Dungeon:15 true
     0 | D:1      | 0 ||| qw: Do second Lair branch before Depths: true
     0 | D:1      | 0 ||| qw: Lair rune preference: random
     0 | D:1      | 0 ||| qw: Goals: Normal
     0 | D:1      | 0 ||| PLANNING D:1-11
   140 | D:1      | Reached XP level 2. HP: 16/16 MP: 4/4
   155 | D:1      | Reached skill level 6 in Ranged Weapons
   769 | D:1      | 769 ||| UPGRADING to +0 ring mail.
   779 | D:1      | 779 ||| DROPPING +0 leather armour.
   780 | D:1      | 780 ||| READING scroll labelled SOIROV QOYTRELIJ.
   781 | D:1      | 781 ||| READING scroll labelled ZOLUOR LESHRO.
   781 | D:1      | 781 ||| ENCHANTING +0 shortbow.
   782 | D:1      | 782 ||| READING scroll labelled TYIMETT PURIZ.
   811 | D:1      | 811 ||| DROPPING scroll of butterflies.
   823 | D:2      | Reached XP level 3. HP: 6/20 MP: 5/5
   823 | D:2      | HP: 5/20 [poisoned by an adder]
   907 | D:2      | Noticed Jessica
   914 | D:2      | Killed Jessica
   915 | D:2      | Reached skill level 7 in Ranged Weapons
   993 | D:2      | Found a sparkling altar of Nemelex Xobeh.
  1032 | D:2      | Reached XP level 4. HP: 25/25 MP: 6/6
  1207 | D:2      | Noticed Sigmund
  1220 | D:2      | HP: 5/25 [something (4)]
  1221 | D:2      | Slain by Sigmund

Levels and vault maps discovered:
D:1:      matt_arrival_los_fun, layout_basic
D:2:      layout_rooms, serial_forest, infiniplex_forest_clump_small,
          infiniplex_forest_lined_room_, infiniplex_forest_clump_long,
          infiniplex_forest_split, infiniplex_forest_clump_diagonal,
          infiniplex_forest_lined_room_, basic_altar, minmay_tiny_reverse_x,
          uniq_jessica, uniq_sigmund

Skill      XL: |  1  2  3 |
---------------+----------+-----
Ranged Weapons | 6 7 |  7.5
Fighting       | |  1.5
Dodging        | |  2.4
Stealth        | |  1.2

Action                     |  1- 3 |  4- 6 || total
---------------------------+-------+-------++-------
   Fire: Shortbow          |    77 |    16 ||    93
    Use: Scroll            |     3 |       ||     3
 Armour: Leather armour    |     7 |       ||     7
         Ring mail         |     8 |     7 ||    15
  Dodge: Dodged            |    15 |     3 ||    18

Table legend:
 A = Non-vault XP
 B = Vault XP
 C = Vault XP percentage of total XP
 D = Non-vault monster count
 E = Vault monster count
 F = Vault count percentage of total count
                 A         B        C        D         E       F
            +---------+---------+-------+---------+---------+-------
      Total |      51 |      52 |  50.5 |      27 |       3 |  10.0
            +---------+---------+-------+---------+---------+-------
        D:1 |      34 |       0 |   0.0 |      18 |       0 |   0.0
        D:2 |      17 |      52 |  75.4 |       9 |       3 |  25.0
            +---------+---------+-------+---------+---------+-------
